 Dungeon Crawl Stone Soup version 0.30-a0-4-ga7cffc901d (webtiles) character file.

Game seed: 14866316307669742002

37 Setbun the Sneak (level 3, 0/20 HPs)
             Began as a Kobold Enchanter on Aug 20, 2022.
             Slain by an orc
             ... wielding a +1 hand axe of holy wrath
              (2 damage)
             ... on level 3 of the Dungeon.
             The game lasted 00:01:38 (1598 turns).

Setbun the Sneak (Kobold Enchanter)                 Turns: 1598, Time: 00:01:39

Health: 0/20       AC:  6    Str:  5    XL:     3   Next: 62%
Magic:  6/6        EV: 15    Int: 16    God:
Gold:   137        SH:  0    Dex: 17    Spells: 6/6 levels left

rFire   . . .      SeeInvis .    a - +1 dagger
rCold   . . .      Faith    .    (no shield)
rNeg    . . .      Spirit   .    b - +0 robe
rPois   .          Reflect  .    (no helmet)
rElec   .          Harm     .    (no cloak)
rCorr   .          Rampage  .    (no gloves)
Will    .....                    (no boots)
Stlth   ++++......               (no amulet)
HPRegen 0.06/turn                d - +4 ring of protection
MPRegen 0.10/turn                (no ring)

@: no status effects
A: small, no large weapons, nightstalker 3
a: no special abilities


You were on level 3 of the Dungeon.
You visited 1 branch of the dungeon, and saw 3 of its levels.

You collected 137 gold pieces.

Inventory:

Hand Weapons
 a - a +1 dagger (weapon)
Armour
 b - a +0 robe (worn)
Jewellery
 d - a +4 ring of protection (left hand)
Scrolls
 e - a scroll of identify {unknown}
 f - 2 scrolls of amnesia {unknown}
 i - a scroll of teleportation {unknown}
 j - a scroll of fear {unknown}
Potions
 c - 2 potions of invisibility
 g - a potion of flight {unknown}
 h - a potion of curing


   Skills:
 + Level 1.0 Fighting
 * Level 2.9 Short Blades
 + Level 2.8 Dodging
 + Level 4.2 Stealth
 + Level 2.3 Spellcasting
 + Level 3.1 Hexes


You had 6 spell levels left.
You didn't know any spells.
Your spell library contained the following spells:

 Spells                   Type           Power      Damage    Failure   Level
 Ensorcelled Hibernation  Hex/Ice        12%        N/A       16%         2
 Confusing Touch          Hex            12%        N/A       16%         3
 Tukima's Dance           Hex            12%        N/A       16%         3
 Passwall                 Tmut/Erth      0%         N/A       30%         2
 Dazzling Flash           Conj/Hex       12%        N/A       30%         3
 Swiftness                Air            1%         N/A       52%         3


Dungeon Overview and Level Annotations

Branches:
Dungeon (2/15)

Altars:

Shops:
D:1 [   D:2 [:[

Annotations:
D:3 Grinder


Innate Abilities, Weirdness & Mutations

You are small and have problems with some larger weapons.
You are completely attuned to the shadows.


Message History

Grinder gestures at you.
You suddenly lose the ability to move!
Grinder blinks!
You can move again.
Grinder blinks!
Grinder drinks a potion.
Grinder is healed!
An orc comes into view. It is wielding a +0 dagger.
An orc comes into view.
It is wielding a +1 hand axe of holy wrath.
Grinder barely misses you.
You barely miss Grinder.
Grinder is heavily wounded.
Grinder closely misses you.
You hit Grinder but do no damage.
Grinder is heavily wounded.
The orc shouts!
You hear a shout!
Grinder gestures at you.
You suddenly lose the ability to move!
You hear a shout!
You hear a shout!
An orc comes into view. It is wielding a +2 whip of venom.
The orc throws a boomerang.
The boomerang hits you but does no damage.
Grinder gestures at you.
You shrug off the repeated paralysis!
Grinder hits you!
You writhe in agony.
An orc comes into view. It is wielding a +0 hand axe.
Grinder hits you.
* * * LOW HITPOINT WARNING * * *
You writhe in agony.
* * * LOW HITPOINT WARNING * * *
The orc hits you with a +0 dagger.
* * * LOW HITPOINT WARNING * * *
Grinder blinks!
You can move again.
Unknown command.
You are too injured to fight recklessly!
You closely miss the orc. You barely miss the orc. Your punch misses the orc.
The orc hits you with a +1 hand axe of holy wrath.
You die...

#### #..########
#........
#.#.~~~~~~~##........
#.##########.........
#.#######.....>.ooo..
#..)..........5.@o...
#########............
#............
#............
########.....


You could see Grinder and 4 orcs.

Vanquished Creatures
  3 endoplasms (D:1)
  3 giant cockroaches
  3 goblins
  3 hobgoblins
  3 jackals (D:2)
  4 quokkas (D:1)
  4 ball pythons
  4 bats (D:2)
  A frilled lizard (D:2)
  A kobold (D:1)
  2 rats (D:2)
31 creatures vanquished.

Notes
Turn   | Place    | Note
-------+----------+-------------------------------------------
     0 | D:1      | Setbun the Kobold Enchanter began the quest for the Orb.
     0 | D:1      | Reached XP level 1. HP: 10/10 MP: 3/3
   254 | D:1      | Found Cuxuv's Antique Armour Shop.
   338 | D:1      | Reached XP level 2. HP: 15/15 MP: 5/5
   949 | D:2      | Reached XP level 3. HP: 20/20 MP: 6/6
  1039 | D:2      | Found Qusm's Antique Armour Shop.
  1041 | D:2      | Found Wicux's Book Emporium.
  1084 | D:2      | Found Ujim's Armour Shoppe.
  1495 | D:2      | Reached skill level 1 in Fighting
  1561 | D:2      | You fall into a shaft and drop 1 floor!
  1579 | D:3      | Noticed Grinder
  1583 | D:3      | Paralysed by Grinder for 3 turns
  1592 | D:3      | Paralysed by Grinder for 4 turns
  1598 | D:3      | Slain by an orc

Illustrated notes

Levels and vault maps discovered:
D:1:      scummos_arrival_hexagon, layout_loops_cross, serial_shops, shop
D:2:      layout_rooms, serial_shops, shop, shop, shop, shop,
          shapermc_ecumenical_altar_mp_urbaneastern, minivault_14
D:3:      layout_basic, gup_sewer_entry_spiral, gammafunk_ghost_abyssal_escape,
          uniq_grinder

Skill      XL: |  1  2  3 |
---------------+----------+-----
Short Blades   | 2 |  2.9
Fighting       | 1 |  1.0
Dodging        | |  2.8
Stealth        | |  4.2
Spellcasting   | |  2.3
Hexes          | |  3.1

Action                   || total
-------------------------++-------
Melee: Dagger            ||   127
 Stab: Sleeping          ||    11
Armor: Robe              ||    46
Dodge: Dodged            ||   143

Table legend: (Time is in decaauts)
 A = Elapsed time spent in this place.
 B = Non-inter-level travel time spent in this place.
 C = Inter-level travel time spent in this place.
 D = Time resting spent in this place.
 E = Time spent auto-exploring this place.
 F = Levels seen in this place.
 G = Mean time per level.
                   A        B        C        D        E       F      G
               +--------+--------+--------+--------+--------+-----+--------+
         Total |   1587 |   1579 |      8 |    425 |    896 |   3 |  529.0 |
       Dungeon |   1587 |   1579 |      8 |    425 |    896 |   3 |  529.0 |
               +--------+--------+--------+--------+--------+-----+--------+

Top non-repeatable levels by time:
     D:1: 925 daAuts
     D:2: 625 daAuts
     D:3: 37 daAuts
